Map: Ulrena

Players

Lilbow

  • Race: Protoss Protoss
  • League: Grandmaster

MarineLorD - Winner!

  • Race: Terran Terran
  • League: Grandmaster

Event: 2016 WCS Winter Challenger Europe

VOD

Have the link to the VOD?

Description

Time

  • Played on: Feb. 13, 2016, 11:50 a.m.
  • Length: 11:16

All games in this series

Show
View Real Time Build Order
Export as new Build Order

Lilbow Protoss 

Build Orders: 1 Gate Expand, Oracle Opening 

Get SALT Encoding   

  12  0:01  Probe (Chrono Boost)  
  13  0:11  Probe (Chrono Boost)  
  14  0:18  Pylon  
  14  0:22  Probe (Chrono Boost)  
  15  0:36  Probe (Chrono Boost), Gateway  
  16  0:47  Probe (Chrono Boost), Assimilator  
  17  0:57  Probe (Chrono Boost)  
  18  1:08  Probe (Chrono Boost)  
  20  1:18  Probe (Chrono Boost)  
  20  1:23  Nexus  
  20  1:32  Cybernetics Core  
  20  1:40  Assimilator  
  20  1:42  Probe (Chrono Boost)  
  21  1:49  Pylon  
  21  1:52  Probe (Chrono Boost)  
  22  2:03  Probe (Chrono Boost)  
  23  2:08  Adept (Chrono Boost)  
  23  2:14  Probe  
  23  2:15  Stargate  
  26  2:23  Warp Gate  
  26  2:26  Probe  
  27  2:33  Probe, Adept (Chrono Boost)  
  30  2:38  Probe  
  31  2:44  Probe  
  31  2:50  Probe  
  33  2:56  Probe  
  33  2:57  Oracle (Chrono Boost)  
  37  3:00  Probe  
  38  3:06  Pylon  
  38  3:08  Probe  
  38  3:11  Probe  
  40  3:20  Probe  
  40  3:21  Probe  
  40  3:25  Pylon  
  42  3:31  Gateway  
  42  3:32  Probe  
  42  3:33  Probe  
  44  3:35  Gateway  
  44  3:38  Assimilator  
  44  3:42  Probe, Assimilator  
  44  3:45  Probe  
  46  3:54  Probe (Chrono Boost)  
  47  3:57  Probe (Chrono Boost)  
  47  4:00  Twilight Council  
  48  4:05  Probe (Chrono Boost)  
  48  4:08  Probe (Chrono Boost)  
  50  4:16  Probe (Chrono Boost)  
  51  4:18  Probe (Chrono Boost)  
  51  4:21  Void Ray  
  52  4:26  Probe (Chrono Boost)  
  57  4:31  Nexus  
  57  4:33  Pylon  
  57  4:35  Probe (Chrono Boost)  
  57  4:37  Probe (Chrono Boost), Pylon, Resonating Glaives (Chrono Boost)  
  59  4:46  Probe  
  59  4:49  Probe  
  59  4:51  Adept x3  
  67  4:55  Pylon  
  67  4:59  Probe  
  68  5:01  Probe  
  68  5:02  Pylon  
  68  5:05  Void Ray  
  69  5:13  Probe  
  75  5:18  Adept x3  
  80  5:29  Gateway  
  80  5:39  Adept x3  
  80  5:42  Void Ray  
  90  5:53  Gateway x2  
  90  6:02  Adept x3  
  96  6:19  Void Ray  
  100  6:25  Pylon  
  100  6:27  Pylon  
  100  6:31  Gateway  
  100  6:39  Adept x4  
  108  6:42  Pylon  
  108  6:50  Gateway  
  108  6:54  Adept x2  
  108  6:56  Void Ray  
  108  6:59  Adept  
  108  7:00  Adept x3  
  124  7:12  Pylon  
  124  7:13  Pylon  
  124  7:29  Adept x2  
  125  7:30  Adept x4  
  133  7:47  Void Ray  
  99  8:01  Adept x6  
  99  8:02  Adept  
  77  8:05  Probe  
  77  8:07  Probe x2  
  77  8:08  Assimilator  
  77  8:10  Assimilator  
  77  8:12  Protoss Air Weapons Level 1  
  80  8:13  Stargate  
  80  8:16  Stargate  
  80  8:19  Probe  
  80  8:20  Probe x2  
  83  8:27  Void Ray (Chrono Boost)  
  83  8:32  Probe x2  
  89  8:39  Stargate  
  89  8:40  Stargate  
  89  8:49  Nexus  
  89  8:53  Probe  
  89  8:54  Probe x2  
  92  9:02  Void Ray x2 (Chrono Boost)  
  100  9:05  Probe  
  100  9:06  Probe x2  
  107  9:10  Void Ray (Chrono Boost)  
  107  9:31  Void Ray x2 (Chrono Boost)  
  115  9:40  Void Ray x2 (Chrono Boost)  
  123  9:47  Void Ray (Chrono Boost)  
  127  10:02  Assimilator  
  127  10:03  Probe  
  127  10:04  Assimilator  
  128  10:11  Adept x2  
  128  10:13  Probe, Void Ray (Chrono Boost)  
  128  10:14  Void Ray (Chrono Boost)  
  140  10:17  Void Ray x2 (Chrono Boost)  
  147  10:24  Void Ray (Chrono Boost)  
  151  10:31  Adept x3  
  128  10:46  Adept x4  
  111  11:00  Probe  
  111  11:02  Probe x3  
  97  11:10  Adept x3  
  97  11:11  Adept x4  
Show
View Real Time Build Order
Export as new Build Order

MarineLorD Terran - Winner!

Build Orders: Liberator Opening 

Get SALT Encoding   

  12  0:00  SCV  
  13  0:12  SCV  
  14  0:21  Supply Depot  
  14  0:24  SCV  
  15  0:43  Barracks, SCV  
  15  0:46  Refinery  
  16  0:55  SCV  
  17  1:07  SCV  
  18  1:19  SCV  
  19  1:30  Barracks Reactor  
  19  1:31  Orbital Command  
  19  1:45  Command Center  
  19  1:57  SCV  
  19  2:01  Supply Depot  
  20  2:06  Marine x2  
  22  2:09  SCV  
  23  2:16  Factory  
  23  2:22  SCV  
  24  2:25  Marine x2  
  26  2:32  Refinery  
  26  2:34  SCV  
  27  2:43  Marine x2  
  29  2:46  SCV  
  30  2:56  Orbital Command  
  30  2:58  SCV  
  30  3:01  Factory Tech Lab, Marine x2  
  33  3:08  Starport  
  33  3:11  SCV  
  34  3:18  Marine  
  34  3:19  Marine  
  36  3:22  Supply Depot  
  36  3:24  SCV  
  36  3:25  SCV  
  38  3:32  Cyclone  
  41  3:36  Marine  
  41  3:37  Marine  
  41  3:39  SCV  
  41  3:40  SCV  
  45  3:47  Supply Depot  
  45  3:51  SCV  
  45  3:52  Liberator, SCV  
  45  3:54  Marine x2  
  49  4:03  SCV  
  50  4:12  Siege Tank  
  50  4:14  SCV  
  50  4:15  SCV, Marine x2  
  60  4:26  Bunker, SCV  
  60  4:27  SCV  
  60  4:28  Supply Depot  
  62  4:37  Engineering Bay  
  62  4:49  Siege Tank, SCV x2, Marine x2  
  68  4:57  Supply Depot  
  68  5:00  Supply Depot  
  68  5:01  SCV  
  68  5:03  SCV  
  68  5:05  Starport Reactor  
  70  5:17  Missile Turret, Command Center  
  70  5:19  SCV  
  71  5:22  Missile Turret  
  71  5:24  SCV  
  71  5:26  Supply Depot  
  71  5:27  Liberator  
  72  5:29  Siege Tank  
  72  5:32  Marine  
  76  5:36  SCV x2  
  78  5:45  Liberator  
  78  5:48  SCV x2  
  83  5:53  Barracks  
  83  5:54  Refinery  
  83  5:55  Refinery  
  83  5:56  Barracks  
  83  5:59  Supply Depot  
  83  6:03  SCV  
  87  6:05  Marine  
  87  6:06  Marine  
  87  6:10  Supply Depot  
  89  6:12  Supply Depot  
  89  6:15  SCV  
  89  6:17  SCV  
  91  6:25  Marine x2  
  93  6:32  Orbital Command  
  93  6:34  SCV  
  94  6:40  Siege Tank, Terran Infantry Weapons Level 1  
  94  6:41  Barracks Tech Lab  
  94  6:42  Refinery  
  94  6:45  SCV  
  94  6:46  SCV  
  99  6:47  Missile Turret  
  99  6:50  Marine x2  
  99  6:51  Barracks Tech Lab  
  101  6:57  Orbital Command  
  101  6:59  SCV x2  
  103  7:04  Stimpack, Marine  
  104  7:11  SCV  
  104  7:12  Medivac, Siege Tank, SCV  
  104  7:13  Marine x3  
  114  7:16  Supply Depot  
  114  7:24  SCV x2, Marine  
  114  7:25  SCV  
  118  7:30  Marine  
  118  7:33  Bunker  
  118  7:36  Bunker, SCV  
  120  7:37  Bunker, SCV x2  
  120  7:38  Marine  
  120  7:43  Marine x2  
  125  7:48  SCV, Marine  
  125  7:49  SCV x2  
  122  7:56  Marine  
  101  8:00  SCV  
  101  8:01  SCV x2, Marine x2  
  93  8:06  Marine  
  93  8:09  Medivac x2  
  93  8:12  SCV  
  99  8:13  SCV x2  
  99  8:14  Marine  
  102  8:22  Armory, Liberator x2, Siege Tank  
  102  8:23  Engineering Bay  
  102  8:24  SCV  
  102  8:25  SCV, Barracks  
  107  8:27  Barracks  
  107  8:30  SCV  
  107  8:32  Marine x4  
  107  8:34  Refinery, Terran Infantry Armor Level 1  
  112  8:36  SCV  
  112  8:38  SCV  
  112  8:41  Combat Shields  
  120  8:42  SCV  
  121  8:48  Bunker  
  121  8:51  Marauder x2, Marine x2  
  127  8:56  Supply Depot  
  127  8:57  Supply Depot  
  127  9:00  Siege Tank  
  130  9:05  Concussive Shells  
  130  9:06  Factory  
  130  9:09  Marine  
  131  9:13  Marauder x2, Terran Vehicle Weapons Level 1, Marine  
  131  9:14  Barracks Reactor, Liberator  
  136  9:17  Liberator  
  136  9:19  Supply Depot  
  136  9:22  Barracks Reactor, Supply Depot  
  136  9:23  Supply Depot  
  136  9:25  Supply Depot  
  136  9:27  Marine  
  136  9:31  Marine  
  141  9:33  Marine  
  141  9:35  Marine  
  146  9:40  Supply Depot  
  146  9:41  Supply Depot  
  146  9:45  Siege Tank, Marine  
  146  9:48  Marine  
  146  9:50  Marine x2  
  146  9:51  Marine  
  154  9:53  Marine  
  154  9:57  Liberator  
  154  9:59  Marine  
  156  10:03  Marine  
  156  10:06  Factory Tech Lab  
  157  10:10  Marine x3  
  157  10:11  Marine  
  157  10:12  Marine x2  
  157  10:13  Command Center  
  166  10:17  Siege Tank, Marine  
  166  10:21  Marine  
  170  10:27  Marine  
  170  10:28  Marine x3  
  167  10:30  Marine x2  
  167  10:34  Marine  
  166  10:39  Marine  
  166  10:40  Cyclone  
  162  10:45  Marine x2  
  162  10:46  Marine x2  
  162  10:47  Marine x2  
  168  10:52  Marine  
  168  10:56  Marine  
Tags
 
Add a new tag
Caveats
  • Supply blocks, unpowered buildings, or Contaminate may cause inaccurate times.
  • Supply counts are checked every 10 seconds.